 Seeded DCSS version 0.30.1-11-g7821555f0a (webtiles) character file.

Game seed: 430007637681659361 (custom seed)

6 McKennaii the Conjurer (level 1, 14/14 HPs)
             Began as a Demigod Conjurer on Jan 16, 2024.
             Quit the game on level 2 of the Dungeon.
             The game lasted 00:01:40 (140 turns).

McKennaii the Conjurer (Demigod Conjurer)            Turns: 140, Time: 00:01:41

Health: 14/14      AC:  8    Str:  8    XL:     1   Next: 60%
Magic:  3/5        EV: 12    Int: 27    God:
Gold:   429        SH:  0    Dex: 15    Spells: 2/3 levels left

rFire   . . .        (no weapon)
rCold   + . .        (no shield)
rNeg    . . .        c - +2 robe of Ennui {Int+7 Dex+3}
rPois   .            (no helmet)
rElec   .            (no cloak)
rCorr   .            (no gloves)
SInv    .            d - +3 pair of mountain boots {steadfast, rC+}
Will    .....        (no amulet)
Stlth   ++           (no ring)
HPRegen 0.22/turn    (no ring)
MPRegen 0.09/turn

%: no passive effects
@: no status effects
A: high MP 1, forlorn, divine attributes
a: no special abilities


You were on level 2 of the Dungeon.
You visited 1 branch of the dungeon, and saw 2 of its levels.

You collected 429 gold pieces.

Inventory:

Armour
 a - a +0 robe
 c - the +2 robe of Ennui (worn) {Int+7 Dex+3}
   (You acquired it on level 2 of the Dungeon)

   Int:       It affects your intelligence (+7).
   Dex:       It affects your dexterity (+3).
 d - the +3 pair of mountain boots (worn) {steadfast, rC+}
   (You acquired it on level 2 of the Dungeon)

   Steadfast: It prevents involuntary movement, except for blinking,
   teleportation, or banishment.
   rC:        It protects you from cold.
Jewellery
 e - the ring of Punkiyt {rC+ Str+6}
   (You acquired it on level 2 of the Dungeon)

   [ring of strength]

   Str:       It affects your strength (+6).
   rC:        It protects you from cold.
Potions
 b - a potion of magic


   Skills:
 - Level 1.7 Dodging
 - Level 1.7 Stealth
 + Level 1.8 Spellcasting
 + Level 3.9 Conjurations


You had 2 spell levels left.
You knew the following spells:

 Your Spells              Type           Power      Damage    Failure   Level
a - Magic Dart            Conj           92%        1d7       1%          1

Your spell library contained the following spells:

 Spells                   Type           Power      Damage    Failure   Level
 Searing Ray              Conj           46%        2d6       3%          2
 Dazzling Flash           Conj/Hex       26%        N/A       13%         3
 Fulminant Prism          Conj/Hex       6%         3d6       41%         4
 Iskenderun's Mystic Bla  Conj/Tloc      13%        2d5       41%         4


Dungeon Overview and Level Annotations

Branches:
Dungeon (2/15)


Innate Abilities, Weirdness & Mutations

You have an increased reservoir of magic. (+10% MP)
You shall have no god before yourself.
Your divine heritage dramatically boosts your attributes as you level up.


Message History

Something appears at your feet!
e - the ring of Punkiyt {rC+ Str+6}
There are no items here.
Something appears at your feet!
You now have 429 gold pieces.
Okay, then.
You start putting on your armour.
You continue putting on the +3 pair of mountain boots {steadfast, rC+}. x4
You finish putting on the +3 pair of mountain boots {steadfast, rC+}.
Found a scroll of acquirement.
A quokka comes into view.
The quokka barely misses you.
A quokka is nearby!
A quokka is nearby!
A quokka is nearby!
The magic dart hits the quokka.
The quokka is severely wounded.
The quokka barely misses you.
The magic dart hits the quokka.
You kill the quokka!
You can't see any susceptible monsters within range! (Use Z to cast anyway.)
A goblin comes into view. It is wielding a +0 dagger.
You aren't carrying any scrolls.
You see here a scroll of acquirement.
The goblin shouts!
You see here a scroll of acquirement.
The magic dart hits the goblin.
You kill the goblin!
You can't see any susceptible monsters within range! (Use Z to cast anyway.)
You can't see any susceptible monsters within range! (Use Z to cast anyway.)
Something appears at your feet!
You aren't carrying any scrolls.
You start removing your armour.
You continue taking off your +0 robe. x4
You finish taking off your +0 robe.
You start putting on your armour.
You continue putting on the +2 robe of Ennui {Int+7 Dex+3}. x5
You finish putting on the +2 robe of Ennui {Int+7 Dex+3}.
You feel clever.
You feel agile.
Okay, then.
Are you sure you want to abandon this character and quit the game? (Confirm with "yes".)

####.# #.# #.#
#.# #.## #..#
####.#### #.
#.......###.)..
#......@....#
#.......#####
#########


There were no monsters in sight!

Vanquished Creatures
  A giant cockroach (D:2)
  A goblin (D:2)
  A quokka (D:2)
  2 ball pythons
  A bat (D:1)
6 creatures vanquished.

Notes
Turn   | Place    | Note
-------+----------+-------------------------------------------
     0 | D:1      | McKennaii the Demigod Conjurer began the quest for the Orb.
     0 | D:1      | Reached XP level 1. HP: 14/14 MP: 5/5
    60 | D:2      | Identified 3 scrolls of acquirement
    60 | D:2      | Acquired the +3 pair of mountain boots {steadfast, rC+}
    60 | D:2      | Found the +3 pair of mountain boots {steadfast, rC+}
    63 | D:2      | Acquired the ring of Punkiyt {rC+ Str+6}
    67 | D:2      | Acquired 429 gold pieces
   129 | D:2      | Acquired the +2 robe of Ennui {Int+7 Dex+3}
   140 | D:2      | Quit the game

Illustrated notes

Levels and vault maps discovered:
D:1:      wander_arrival_chamber, layout_basic, kennysheep_boxes
D:2:      layout_rooms, dilly_ecumenical_altar_fadedgnrine, basic_altar,
          uniq_terence

Action                     || total
---------------------------++-------
   Cast: Magic Dart        ||     7
    Use: Scroll            ||     4
  Dodge: Dodged            ||     3
